[Event "German Bundesliga 2022-23"]
[Site "Germany"]
[Date "2022.10.23"]
[Round "2.2"]
[White "Bartel, Mateusz"]
[Black "Santos Latasa, Jaime"]
[Result "1/2-1/2"]
[ECO "C78"]
[WhiteElo "2630"]
[BlackElo "2677"]
[Annotator "TA"]
[PlyCount "103"]
[EventDate "2022.10.21"]
[EventType "team-tourn"]
[EventCountry "GER"]
[SourceTitle "playchess.com"]
[Source "ChessBase"]
[SourceQuality "1"]
[TimeControl "40/6000+30:3000+30"]

1. e4 e5 2. Nf3 Nc6 3. Bb5 a6 4. Ba4 Nf6 5. O-O b5 6. Bb3 Bc5 7. c3 d6 8. d3 h6 9. h3 {[%emt 0:02:12] 9.Nbd2 is more advanced technology. C78: Ruy Lopez: Archangelsk and Möller Defences.} O-O 10. Nbd2 Bb6 11. Re1 Ne7 12. a4 Rb8 13. d4 Ng6 14. a5 Ba7 15. Nf1 c5 {[%emt 0:00:15] [#]} 16. Ng3 $146 ({Predecessor:} 16. Bc2 c4 17. Be3 Qc7 18. Qd2 Nh5 19. N1h2 Nhf4 20. h4 f6 21. g3 Ne6 22. b4 {½-½ (34) Shachar,E (2356)-Soffer,R (2488) Tiberias 2016}) 16... Qc7 17. Bd2 Re8 18. Qc1 Kh7 19. Bc2 Bd7 (19... exd4 20. cxd4 c4 21. Bb4 $14 (21. e5 dxe5 22. dxe5 Bb7 $11)) 20. b4 cxd4 21. cxd4 Rbc8 22. Bb3 Kg8 23. Bxh6 {[%emt 0:16:18] [#] Qg5 is the strong threat.} Qxc1 (23... gxh6 $2 24. Qxh6 Be6 {[#]} 25. Nf5 $1 (25. Bxe6 fxe6 26. Qxg6+ Qg7 $18) 25... Bxf5 26. exf5 $18) 24. Bxc1 exd4 25. Bb2 Ne5 ({Don't do} 25... d3 26. Bxf6 gxf6 27. Nh5 $14) 26. Rad1 ({Worse is} 26. Nxd4 Nd3 27. Re2 Nxb2 $17) 26... Nxf3+ 27. gxf3 Bxh3 28. Bxd4 Bxd4 29. Rxd4 Be6 30. Bxe6 Rxe6 31. Red1 Ne8 32. Nf5 g6 33. Nxd6 {[%emt 0:07:22] White is more active.} (33. Ne3 {seems wilder.} Re5 34. f4 Rh5 35. f3) 33... Nxd6 34. Rxd6 Rxd6 35. Rxd6 $16 {[%emt 0:00:06][%mdl 4096] Endgame KR-KR} Rc4 $1 36. Rxa6 Rxb4 37. Rb6 Rb1+ 38. Kg2 b4 39. f4 Ra1 40. Rxb4 (40. a6 {keeps more tension.} b3 41. Kf3 b2 42. Rxb2 Rxa6 43. Kg4) 40... Rxa5 41. Kg3 Kg7 42. Rb7 Ra2 43. e5 Re2 44. Rb5 Re1 45. Kf3 Ra1 46. f5 {[%emt 0:00:09] Hoping for f6+.} gxf5 47. Kf4 f6 48. e6 Kg6 {[%emt 0:00:07] The position is equal.} 49. Rb3 {[%emt 0:00:06] Intending Rg3+ and mate.} Ra4+ 50. Kf3 {[%emt 0:00:06] And now Re3 would win.} Kg7 $1 51. Rb7+ Kg6 52. Rb3 {[%emt 0:01:08] Weighted Error Value: White=0.05 (flawless) /Black=0.05 (flawless)} 1/2-1/2

[Event "German Bundesliga 2022-23"]
[Site "Germany"]
[Date "2022.10.23"]
[Round "2.2"]
[White "Plat, Vojtech"]
[Black "Jones, Gawain C B"]
[Result "1/2-1/2"]
[ECO "E65"]
[WhiteElo "2546"]
[BlackElo "2626"]
[Annotator "TA"]
[PlyCount "156"]
[EventDate "2022.10.21"]
[EventType "team-tourn"]
[EventCountry "GER"]
[SourceTitle "playchess.com"]
[Source "ChessBase"]
[SourceQuality "1"]
[TimeControl "40/6000+30:3000+30"]

1. d4 Nf6 2. c4 g6 3. g3 Bg7 4. Bg2 O-O 5. Nc3 d6 6. Nf3 c5 7. O-O Nc6 8. dxc5 dxc5 9. Be3 Be6 10. Bxc5 Qa5 11. Ba3 Bxc4 12. Nd2 {[%emt 0:16:48] E65: King's Indian: Fianchetto: 6...c5 7 0-0 without d5 by White.} Be6 13. Qa4 Qxa4 (13... Qh5 {feels hotter.} 14. Bxc6 Ng4 15. h4 bxc6 16. Bxe7 Rfe8) 14. Nxa4 Rfd8 {[%emt 0:00:10] [#]} 15. Nb3 $146 ({Predecessor:} 15. Rfd1 Bg4 16. Nc3 Nd7 17. h3 Be6 18. Nd5 Bxd5 19. Bxd5 Nb6 20. Bxc6 bxc6 21. Ne4 {½-½ (32) Yang,K (2505)-Chiku Ratte,O (2406) Kingston 2019}) 15... Bd5 16. Rac1 Rac8 {[%emt 0:04:32] And now ...Bxg2 would win.} 17. Rfd1 b5 (17... b6 {seems wilder.} 18. Rxc6 Rxc6 19. Bxe7 Re8) 18. Bxd5 Nxd5 (18... bxa4 19. Bxc6 Rxd1+ 20. Rxd1 $16) 19. Nac5 b4 20. Nb7 Rd7 $36 {[%emt 0:00:28][%cal Bd8d7,Bd7b7,Bb7b4][%mdl 2080] White is under pressure.} 21. Bxb4 Bxb2 $17 22. Rc5 {[%emt 0:20:38] Black must now prevent N7a5.} Rxb7 23. Rdxd5 Rxb4 24. Rc2 Ba3 {[%emt 0:09:51] aiming for ...Rbb8.} 25. Ra5 {[%emt 0:01:00] [#]} Rxb3 26. axb3 Nxa5 27. Rxc8+ Kg7 28. Rc7 Bd6 ({Resist} 28... Nxb3 29. Rc3 $16) 29. Rxa7 Nxb3 30. Ra4 f5 31. Kg2 Nc5 32. Rc4 g5 33. g4 fxg4 34. Rxg4 Bf4 {[%emt 0:00:06] Strongly threatening ...h5.} 35. Kf1 Kg6 36. h3 Kf5 37. Rg1 Ne6 38. Kg2 Bd6 {[%emt 0:00:40] Hoping for ...Nf4+.} 39. e3 {[%emt 0:00:04] Inhibits Nf4+.} Nf8 40. Ra1 Ng6 41. Ra5+ Ne5 42. Ra8 Kf6 43. Ra4 h5 44. Ra5 Kf5 45. Rd5 Kf6 46. Ra5 $1 g4 47. hxg4 hxg4 48. Ra4 Kg5 49. Ra5 Kf5 50. Rd5 Kg6 51. Kg3 Kf7 52. Rb5 Kf6 53. Kf4 Kg6 54. Rb1 e6 55. Rb7 Kf6 56. Rb1 Bb4 57. Ke4 Bf8 58. Kf4 Bh6+ 59. Kg3 Kf5 60. Rb5 Bf8 61. Ra5 Bb4 62. Rb5 Bc3 63. Kg2 Bd2 64. Kg3 Be1 65. Kg2 Kf6 66. Kg3 Bc3 67. Kf4 Bb4 68. Kg3 (68. Rxe5 Bd6 69. Kxg4 Kxe5 $19) (68. Ke4 $1 $11 Bd6 69. Kf4) 68... Be7 69. Kf4 {[%emt 0:00:50] [#]} Bd8 $1 70. Rb1 ({Don't go for} 70. Rxe5 $2 Bc7 71. Kxg4 Kxe5 $19) 70... Bc7 71. Rb7 Bd6 (71... Ba5 $1 $15) 72. Rb5 (72. Rb1 $1 $11 {was preferrable.}) 72... Nd3+ $15 73. Kxg4 Nxf2+ 74. Kf3 Nd3 75. Rb1 Ke5 76. Rh1 Kd5 (76... Nc5 $15) 77. Rd1 $11 {[%emt 0:01:05][%mdl 1024] White has compensation.} Kc4 78. Ke2 Nf4+ $1 {[%emt 0:00:19] Weighted Error Value: White=0.04 (flawless) /Black=0.04 (flawless)} 1/2-1/2

[Event "German Bundesliga 2022-23"]
[Site "Germany"]
[Date "2022.10.23"]
[Round "2.3"]
[White "Saric, Ivan"]
[Black "Pavlidis, Antonios"]
[Result "1/2-1/2"]
[ECO "C77"]
[WhiteElo "2668"]
[BlackElo "2550"]
[Annotator "TA"]
[PlyCount "59"]
[EventDate "2022.10.21"]
[EventType "team-tourn"]
[EventCountry "GER"]
[SourceTitle "playchess.com"]
[Source "ChessBase"]
[SourceQuality "1"]
[TimeControl "40/6000+30:3000+30"]

1. e4 e5 2. Nf3 Nc6 3. Bb5 a6 4. Ba4 Nf6 5. d3 Bc5 6. Bxc6 dxc6 7. O-O {[%emt 0:00:14] C77: Ruy Lopez: 3...a6 4 Ba4 Nf6, unusual lines.} Qe7 8. Nbd2 Bg4 9. h3 {[%emt 0:02:40] The position is equal.} Bh5 10. Nc4 Nd7 {[%emt 0:01:21] [#]} 11. Bd2 $146 ({Predecessor:} 11. c3 f6 12. b4 Bd6 13. a3 O-O 14. Ne3 Rfd8 15. Nf5 Qf7 16. Qe2 a5 17. Rb1 axb4 18. axb4 {½-½ (76) Durarbayli,V (2625)-Predke,A (2683) Krasnaya Polyana 2021}) 11... O-O-O 12. Rb1 (12. Qe2 $11 {keeps the balance.}) 12... f5 $1 $17 13. exf5 e4 14. g4 (14. Bg5 $17 Bxf3 15. Bxe7 Bxd1 16. Bxd8 Bxc2 17. Rbc1 Bxd3 18. Bg5) 14... exf3 $19 15. gxh5 b5 16. b4 ({Reject} 16. Qxf3 bxc4 17. Rbe1 Qd6) 16... Ba7 ({Worse is} 16... bxc4 17. bxc5 Ne5 18. Re1 $15) 17. Qxf3 bxc4 18. Qxc6 {[%emt 0:02:45] [#] Black must now prevent Qa8+.} Ne5 (18... Nb6 $1 $19 19. Be3 cxd3 20. cxd3 Qd7) 19. Qa8+ $1 $11 Kd7 20. Qe4 {[%emt 0:02:03] Threatens to win with Rbe1.} Nc6 {[%emt 0:04:24] aiming for ...Qxe4.} 21. Qxc4 {[%emt 0:05:40] [#]} ({But not} 21. Qd5+ Qd6 22. Qxd6+ Kxd6 23. dxc4 Ke5 $17) (21. Qg4 $11 Ne5 22. Qe4 (22. f6+ $2 Qe6 $19) 22... cxd3 23. Bf4) 21... Nd4 $1 $17 {[%emt 0:01:03] Strongly threatening ...Nf3+.} 22. Kg2 {[%emt 0:11:05] Prevents Nf3.} Qd6 $36 {[%emt 0:02:06][%mdl 2048] White is under strong pressure.} 23. Be3 Qc6+ 24. Qxc6+ Nxc6 25. a4 Ra8 26. b5 Ne7 27. Bxa7 Rxa7 28. b6 cxb6 29. Rxb6 Nxf5 (29... Nd5 $17 30. Rb3 Rf8) 30. Re1 {[%emt 0:01:19] Weighted Error Value: White=0.20 (precise) /Black=0.17 (very precise)} 1/2-1/2

[Event "German Bundesliga 2022-23"]
[Site "Germany"]
[Date "2022.10.23"]
[Round "2.3"]
[White "Tabatabaei, M. Amin"]
[Black "Michalik, Peter"]
[Result "0-1"]
[ECO "C54"]
[WhiteElo "2657"]
[BlackElo "2558"]
[Annotator "TA"]
[PlyCount "114"]
[EventDate "2022.10.21"]
[EventType "team-tourn"]
[EventCountry "GER"]
[SourceTitle "playchess.com"]
[Source "ChessBase"]
[SourceQuality "1"]
[TimeControl "40/6000+30:3000+30"]

1. e4 e5 2. Nf3 Nc6 3. Bc4 Bc5 4. O-O Nf6 5. d3 O-O 6. h3 d6 7. c3 a5 {[%emt 0:00:09] C54: Giuoco Piano: 4 c3 Nf6, main lines with 5 d4 and 5 d3.} 8. Re1 Ba7 9. Nbd2 Ne7 {[%emt 0:03:17] The position is equal.} 10. Nf1 Ng6 11. Ng3 c6 12. Bb3 d5 13. Bg5 h6 ({Don't do} 13... Qb6 14. Be3 Qa6 15. Bxa7 Qxa7 16. exd5 $14) 14. Bxf6 Qxf6 15. exd5 a4 $1 16. Bxa4 {[%emt 0:01:20] Ne4 is the strong threat.} cxd5 17. Bb3 {[%emt 0:02:07] [#]} Rd8 $146 ({Predecessor:} 17... Qd6 18. Qd2 Be6 19. Kh1 Rad8 20. Re2 f6 21. Rd1 Kh8 22. Qe1 Nf4 23. Red2 Qd7 {0-1 (57) Silva Rodriguez,F (2253)-Krysa,L (2516) Linares 2019}) 18. d4 (18. Rc1 $11) 18... e4 $15 {[%emt 0:01:42][%mdl 1024] Black has compensation.} 19. Nh2 (19. Nd2 $15) 19... Bb8 $17 20. Ng4 Qg5 {[%emt 0:05:50] Black is more active.} 21. Kh1 {[%emt 0:17:32] White does not recover from this.} (21. c4 $17 {is a better defense.}) 21... Nf4 $19 22. Bc2 Ra6 {[%emt 0:02:23] Threatens to win with ...h5.} 23. c4 $2 (23. Rg1) 23... h5 24. Ne3 {[%emt 0:00:02] [#]} h4 (24... Bxh3 $142 $1 25. cxd5 (25. gxh3 Nxh3) 25... Bxg2+ 26. Nxg2 h4 27. Nxf4 hxg3) 25. Nxe4 dxe4 26. Bxe4 Re6 27. Qf3 Rf6 {[%emt 0:06:15] Inhibits Bf5.} ({Don't blunder} 27... Rxd4 $2 28. Bxb7 Bxb7 29. Qxb7 $19) 28. Ng4 Bxg4 ({And not} 28... Rxd4 29. Nxf6+ Qxf6 30. Bxb7 $15) 29. Qxg4 Qxg4 30. hxg4 Rxd4 31. Rad1 Ba7 32. Rxd4 Bxd4 33. Rd1 Ne6 34. f3 Bxb2 35. Rb1 Bd4 36. Rxb7 g5 37. Rd7 Bf2 38. Rd5 Kf8 39. Rf5 Rxf5 40. gxf5 Nf4 41. a4 Bb6 42. Kh2 Ke7 43. g3 $2 (43. f6+ Kxf6 44. g3) 43... hxg3+ 44. Kxg3 f6 {[%emt 0:00:09] [#] White must now prevent ...Kd6.} 45. Kg4 $2 (45. Bb7) 45... Kd6 {[%emt 0:00:05] Black is clearly winning.} 46. Bb7 Kc5 47. Ba6 Kb4 48. Bb5 Bf2 (48... Be3 $142 49. Bc6 Nd3) 49. Bd7 Kxc4 50. a5 Kb4 51. a6 Ka5 52. Bc8 Kb6 53. Bb7 Bd4 54. Bc8 Be5 55. Bb7 Nd3 56. Kh5 Nc5 57. Bd5 Nxa6 {[%emt 0:00:00] Weighted Error Value: White=0.59/Black=0.31} 0-1

[Event "German Bundesliga 2022-23"]
[Site "Germany"]
[Date "2022.10.23"]
[Round "2.3"]
[White "Stevic, Hrvoje"]
[Black "Fridman, Daniel"]
[Result "1/2-1/2"]
[ECO "C01"]
[WhiteElo "2565"]
[BlackElo "2603"]
[Annotator "TA"]
[PlyCount "40"]
[EventDate "2022.10.21"]
[EventType "team-tourn"]
[EventCountry "GER"]
[SourceTitle "playchess.com"]
[Source "ChessBase"]
[SourceQuality "1"]
[TimeControl "40/6000+30:3000+30"]

1. e4 e6 2. d4 d5 3. exd5 exd5 4. Nf3 Nf6 5. Bd3 Bd6 6. Qe2+ {[%emt 0:00:15] The position is equal.} Be6 {[%emt 0:04:10] C01: French: Exchange Variation.} 7. Ng5 Qe7 8. Nxe6 fxe6 9. Nd2 Nc6 10. Nf3 e5 11. dxe5 Nxe5 12. Nxe5 Qxe5 13. Qxe5+ Bxe5 14. c3 O-O 15. O-O {[%emt 0:03:29] [#]} Bd6 $5 $146 {[%emt 0:11:38][%mdl 8] An interesting novelty.} ({Predecessor:} 15... Rae8 16. h3 d4 17. c4 Bd6 18. Bd2 Ne4 19. Bxe4 Rxe4 20. Rfe1 {½-½ (20) Vachier Lagrave,M (2780)-Andreikin,D (2724) Jerusalem 2019}) 16. g3 Ng4 {[%emt 0:02:31][%cal Og4f2] Strongly threatening ...Nxf2!} 17. Kg2 Bc5 18. f3 Ne3+ (18... Ne5 $5 19. Be2 Rae8 $11) 19. Bxe3 Bxe3 20. Rae1 Rae8 {[%emt 0:02:00] Not much happened in this game.  Weighted Error Value: White=0.03 (flawless) /Black=0.03 (flawless)} 1/2-1/2

[Event "German Bundesliga 2022-23"]
[Site "Germany"]
[Date "2022.10.23"]
[Round "2.3"]
[White "Kempinski, Robert"]
[Black "Adams, Michael"]
[Result "1/2-1/2"]
[ECO "D56"]
[WhiteElo "2541"]
[BlackElo "2689"]
[Annotator "TA"]
[PlyCount "51"]
[EventDate "2022.10.21"]
[EventType "team-tourn"]
[EventCountry "GER"]
[SourceTitle "playchess.com"]
[Source "ChessBase"]
[SourceQuality "1"]
[TimeControl "40/6000+30:3000+30"]

1. d4 Nf6 2. c4 e6 3. Nf3 d5 4. Nc3 Nbd7 5. Bg5 h6 6. Bh4 Be7 7. e3 O-O 8. Be2 {[%emt 0:00:58] D56: Queen's Gambit Declined: Lasker Defence.} c5 {[%emt 0:06:35] 8...dxc4 gains popularity.} 9. cxd5 Nxd5 10. Bxe7 {[%emt 0:02:03] White has an edge.} Nxe7 11. dxc5 Nxc5 12. b4 {[%emt 0:02:27] [#] Threatens to win with Qxd8.} Qxd1+ $146 ({Predecessor:} 12... Nd7 13. O-O Nf6 14. Qb3 Ned5 15. Rfd1 Qe7 16. a3 b6 17. Nxd5 Nxd5 18. Nd4 Bb7 {1-0 (59) Sieciechowicz,M (2399)-Praczukowski,S (2166) Darlowko 2019}) 13. Rxd1 Na6 14. a3 Nc7 15. Bc4 {[%emt 0:16:30] Against Ncd5} Rb8 ({Black should play} 15... a6 $11) 16. Ke2 b5 {[%emt 0:04:57] The position is equal.} 17. Bb3 a5 18. Ne5 ({But not} 18. bxa5 Ba6 19. Kd2 Nc6 $15) 18... axb4 19. axb4 Na6 20. Na2 Rb6 21. e4 Nb8 22. Ke3 Nec6 23. Nd3 Na6 24. Rd2 Rd8 25. Rc1 Kf8 26. f4 {[%emt 0:09:54] Weighted Error Value: White=0.07 (flawless) /Black=0.09 (flawless)} 1/2-1/2

[Event "German Bundesliga 2022-23"]
[Site "Germany"]
[Date "2022.10.23"]
[Round "2.4"]
[White "Dardha, Daniel"]
[Black "Jovanovic, Zoran"]
[Result "1/2-1/2"]
[ECO "C41"]
[WhiteElo "2610"]
[BlackElo "2519"]
[Annotator "TA"]
[PlyCount "90"]
[EventDate "2022.10.21"]
[EventType "team-tourn"]
[EventCountry "GER"]
[SourceTitle "playchess.com"]
[Source "ChessBase"]
[SourceQuality "1"]
[TimeControl "40/6000+30:3000+30"]

1. e4 d6 2. d4 Nf6 3. Nc3 e5 4. Nf3 Nbd7 5. Rg1 g6 6. g4 {[%emt 0:00:07][%cal Bg2g4,Bg4g5][%mdl 32] C41: Philidor Defence.} Bg7 7. dxe5 dxe5 8. Be3 {[%emt 0:00:07] White is slightly better.} O-O 9. Qd3 c6 10. O-O-O Qe7 11. g5 Nh5 12. Qd6 Qxd6 13. Rxd6 Re8 14. Bh3 Nf8 15. Bxc8 {[%emt 0:00:11] White has more active pieces.} Rexc8 {[%emt 0:00:06] [#]} 16. a4 $146 ({Predecessor:} 16. Rgd1 b6 17. Nb1 Ne6 18. Nbd2 Bf8 19. Rd7 f6 20. Nc4 Nc5 21. Bxc5 Bxc5 22. R1d2 {1-0 (69) Mateus,A (2334)-Argandona Riveiro,I (2416) Sitges 2019}) 16... Nf4 17. h4 Rc7 18. Rgd1 (18. a5 $14) 18... Ng2 $1 $11 (18... N8e6 19. Rd7 $14) 19. Rd8 Rxd8 20. Rxd8 Nxe3 21. fxe3 f6 22. Nb1 fxg5 (22... Rd7 23. Ra8 $14) 23. hxg5 h6 24. Nbd2 hxg5 25. Nxg5 Re7 ({Don't take} 25... Bf6 {[#]} 26. Rxf8+ $1 Kxf8 27. Ne6+ Ke7 28. Nxc7 $16) 26. Ra8 Bh6 27. Ndf3 Kg7 28. Kd2 ({Avoid the trap} 28. Rxa7 $2 Nh7 29. Kd2 (29. Ne6+ $2 Kf6 $19) 29... Nxg5 $19) 28... a6 29. Rb8 Bxg5 30. Nxg5 Nh7 31. Nxh7 Kxh7 {[%emt 0:00:04][%mdl 4096] Endgame KR-KR} 32. Ke2 Kh6 33. Kf3 Kg5 34. a5 Rd7 35. b4 Rf7+ 36. Ke2 Re7 37. Rg8 Rd7 38. Rf8 c5 39. b5 axb5 40. Rc8 c4 41. Rc5 Kf6 42. Rxb5 {[%emt 0:05:36] The position is equal.} c3 43. Kf3 Rd2 44. Rxb7 Rxc2 45. Rb6+ Kf7 {[%emt 0:00:00] Weighted Error Value: White=0.05 (flawless) /Black=0.03 (flawless)} 1/2-1/2

[Event "German Bundesliga 2022-23"]
[Site "Germany"]
[Date "2022.10.23"]
[Round "2.4"]
[White "Burg, Twan"]
[Black "Martinovic, Sasa"]
[Result "1/2-1/2"]
[ECO "A17"]
[WhiteElo "2511"]
[BlackElo "2546"]
[Annotator "TA"]
[PlyCount "48"]
[EventDate "2022.10.21"]
[EventType "team-tourn"]
[EventCountry "GER"]
[SourceTitle "playchess.com"]
[Source "ChessBase"]
[SourceQuality "1"]
[TimeControl "40/6000+30:3000+30"]

1. Nf3 d5 2. e3 Nf6 3. c4 e6 4. Nc3 b6 5. cxd5 exd5 6. g3 {[%emt 0:00:11] A17: English Opening: 1...Nf6 with ...Bb4.} Bd6 7. Bg2 O-O 8. O-O Re8 9. b3 Bb7 10. Bb2 Nbd7 11. Rc1 a6 {[%emt 0:00:42] Against Nb5} 12. d3 Rc8 {[%emt 0:09:51] [#]} 13. a4 $146 ({Predecessor:} 13. Re1 Bf8 14. Re2 b5 15. d4 Bd6 16. Rec2 Ne4 17. Bh3 f6 18. Ne1 c6 19. Nd3 {1-0 (65) Salgado Lopez,I (2596)-Salinas Herrera,P (2506) Linares 2019}) 13... Bb4 14. Ne2 c5 15. d4 Ne4 {[%emt 0:08:25] The position is equal.} 16. dxc5 bxc5 17. Nc3 Ndf6 18. Nxe4 Nxe4 19. Ne5 f6 20. Nd3 Qb6 21. Nxb4 Qxb4 22. f3 Ng5 23. Bc3 Qb6 24. Re1 Re7 {[%emt 0:06:35] A balanced but interesting game.  Weighted Error Value: White=0.05 (flawless) /Black=0.04 (flawless)} 1/2-1/2

[Event "German Bundesliga 2022-23"]
[Site "Germany"]
[Date "2022.10.23"]
[Round "2.4"]
[White "Vogel, Roven"]
[Black "Alonso Rosell, Alvar"]
[Result "1/2-1/2"]
[ECO "D02"]
[WhiteElo "2463"]
[BlackElo "2563"]
[Annotator "ChessBase"]
[PlyCount "90"]
[EventDate "2022.10.21"]
[EventType "team-tourn"]
[EventCountry "GER"]
[SourceTitle "playchess.com"]
[Source "ChessBase"]
[SourceQuality "1"]
[TimeControl "40/6000+30:3000+30"]

1. d4 Nf6 2. Nf3 d5 3. Bf4 e6 4. e3 c5 5. Nbd2 Nc6 6. c3 Nh5 7. Bg5 f6 8. Bh4 g6 9. Bd3 cxd4 10. cxd4 Be7 11. Ng1 O-O 12. Ne2 Qb6 13. Nb3 Nb4 14. Bb1 a5 15. Nbc1 Nc6 16. Nd3 Ng7 17. O-O Nf5 18. Bg3 e5 19. Nc3 Rd8 20. a3 Nxg3 21. hxg3 Be6 22. Ba2 Kg7 23. Na4 Qa7 24. Rc1 Bf7 25. Re1 Rac8 26. Qb3 exd4 27. Nb6 Rb8 28. e4 Bb4 29. axb4 Qxb6 30. e5 Nxe5 31. Nxe5 fxe5 32. Rxe5 Re8 33. Ree1 Rxe1+ 34. Rxe1 Qxb4 35. Qxb4 axb4 36. Rd1 Re8 37. Kf1 Ra8 38. Bb3 Kf6 39. Ke2 Ke5 40. Kd3 Kd6 41. Re1 Be6 42. Kxd4 h5 43. f3 Bf7 44. Kd3 Be6 45. Kd4 Bf7 1/2-1/2

[Event "German Bundesliga 2022-23"]
[Site "Germany"]
[Date "2022.10.23"]
[Round "2.5"]
[White "Dragnev, Valentin"]
[Black "Maiwald, Jens-Uwe"]
[Result "1-0"]
[ECO "E91"]
[WhiteElo "2544"]
[BlackElo "2441"]
[Annotator "TA"]
[PlyCount "61"]
[EventDate "2022.10.21"]
[EventType "team-tourn"]
[EventCountry "GER"]
[SourceTitle "playchess.com"]
[Source "ChessBase"]
[SourceQuality "1"]
[TimeControl "40/6000+30:3000+30"]

1. d4 Nf6 2. c4 g6 3. Nc3 Bg7 4. e4 d6 5. Be2 O-O 6. Nf3 c5 7. O-O Nc6 8. d5 Na5 9. h3 e6 {[%emt 0:06:07] E91: King's Indian: Classical: 6 Be2, unusual replies including 6...c5 and 6...Bg4.} 10. Bg5 h6 11. Be3 {[%emt 0:03:23] White is more active.} Re8 {[%emt 0:03:35] [#] White is slightly better.} 12. Qd2 $146 ({Predecessor:} 12. Nd2 a6 13. a4 Rb8 14. Qc2 exd5 15. cxd5 Bd7 16. Bf4 Bf8 17. Rab1 b5 18. b4 cxb4 19. Rxb4 {0-1 (28) Gschnitzer,O (2460)-Giaccio,A (2465) Val Thorens 1996}) 12... exd5 13. exd5 Ne4 ({Black should try} 13... Kh7) 14. Nxe4 $16 Rxe4 15. Rac1 Kh7 16. Bd3 Re8 17. Rfe1 Bd7 18. h4 b6 {[%emt 0:01:34] [#]} 19. h5 $1 Qf6 20. Qc2 Nb7 (20... Bg4 $16) 21. Bd2 $18 Rxe1+ 22. Rxe1 ({Don't take} 22. Nxe1 $6 Qxb2 23. hxg6+ fxg6 $16) 22... Re8 23. Bc3 Rxe1+ 24. Nxe1 Qg5 25. hxg6+ fxg6 26. Nf3 Qg4 27. Bxg7 Kxg7 {[%emt 0:00:02] [#]} 28. Qc3+ $1 Kg8 29. Qf6 Be8 (29... Bf5) 30. b3 a5 31. a4 {[%emt 0:05:26] Black got outplayed after the opening.  Weighted Error Value: White=0.02 (flawless) /Black=0.25 (precise)} ({Weaker is} 31. Qe7 Qd7 32. Qe3 Kg7 $18) 1-0

[Event "German Bundesliga 2022-23"]
[Site "Germany"]
[Date "2022.10.23"]
[Round "2.5"]
[White "Prusikin, Michael"]
[Black "Dgebuadze, Alexandre"]
[Result "1-0"]
[ECO "E11"]
[WhiteElo "2517"]
[BlackElo "2430"]
[Annotator "TA"]
[PlyCount "167"]
[EventDate "2022.10.21"]
[EventType "team-tourn"]
[EventCountry "GER"]
[SourceTitle "playchess.com"]
[Source "ChessBase"]
[SourceQuality "1"]
[TimeControl "40/6000+30:3000+30"]

1. d4 Nf6 2. c4 e6 3. Nf3 Bb4+ 4. Bd2 a5 5. a3 Bxd2+ 6. Qxd2 Nc6 {[%emt 0:10:30] E11: Bogo-Indian.} 7. Nc3 d6 8. g3 a4 {[%emt 0:10:27] White has an edge.} 9. Qc2 Bd7 10. Bg2 O-O 11. O-O Na5 12. Nd2 {[%emt 0:03:38] [#]} Nc6 $146 ({Predecessor:} 12... Qe8 13. e4 e5 14. Nd5 Qd8 15. dxe5 dxe5 16. f4 c6 17. Ne3 Be6 18. Nf3 Nb3 19. Rae1 Nd4 20. Nxd4 Qxd4 {0-1 (59) Kanakaris,G (2377)-Antic,D (2523) Paleochora 2009}) 13. Nf3 Na5 14. Nd2 Nc6 15. e3 Qc8 16. f4 Ne7 17. e4 {[%emt 0:09:57] White is much more active.} c5 18. d5 ({Don't play} 18. e5 Ng4 $11) 18... exd5 19. cxd5 c4 (19... b5 $14) 20. Rae1 Ra5 21. Kh1 Ng6 22. Nf3 Re8 23. Nd4 h5 24. Nf3 Ra6 25. Qd2 Bg4 26. Ng5 Bd7 27. Qd4 Qc7 28. h3 b5 29. Na2 Raa8 30. Qd2 Rac8 31. Nc3 $1 Qb8 32. Re2 b4 (32... Qb6 $16 33. Rfe1 h4) 33. axb4 $18 Qxb4 34. Rfe1 (34. e5 $1 $16 dxe5 35. fxe5 Rxe5 36. Rxe5 Nxe5 37. Rxf6 gxf6 38. Nge4) 34... Qb8 ({Black should play} 34... Rb8 $14) 35. Qd4 (35. Nf3 $18) 35... h4 $1 $11 {[%emt 0:00:08] ...Nh5 is the strong threat.} 36. f5 (36. e5 $14 dxe5 37. fxe5) 36... Ne5 $15 37. gxh4 Nh5 (37... Rc7 $1 $15 {keeps the upper hand.}) 38. Qe3 (38. Rc2 $1 $16) 38... Qb3 $2 (38... Rc7 $15 {stays ahead.}) 39. Rg1 $1 $16 {[%emt 0:02:17] Threatens to win with Bf3.} a3 $2 (39... Kf8 $16) 40. Bf3 $18 Nf6 41. bxa3 {[%emt 0:04:57] Black must now prevent Reg2.} Kf8 42. a4 Rb8 43. Ra2 (43. a5 $18) 43... Qb6 $16 44. Qxb6 Rxb6 45. Bd1 {[%emt 0:02:21][%cal Bf3d1,Bd1c2,Bc2b1][%mdl 32] Inhibits Rb3.} Nd3 46. Bc2 Ra8 ({Better is} 46... Nb4 47. Rb2 Nbxd5 48. Rxb6 Nxb6) 47. Rb1 Rxb1+ 48. Bxb1 Bc8 49. Kg2 Ba6 50. Kf3 Ne5+ 51. Kf4 Rb8 52. Bc2 {[%emt 0:00:30] Against Rb3} Ke7 {[%emt 0:01:34] [#]} 53. Bd1 $1 Rh8 {[%emt 0:01:01] [#]} 54. Kg3 $1 Nd3 55. Ra1 Nd7 (55... Ne5 {was necessary.} 56. Rb1 Nfd7) 56. Rb1 N7e5 (56... N3e5 {was worth a try.} 57. Be2 Nc5) 57. Rb6 $18 Ra8 58. Nf3 Nxf3 59. Kxf3 ({But not} 59. Bxf3 $6 Bc8 60. f6+ gxf6 $18) 59... Ne5+ 60. Ke3 Nd7 61. Rb2 Rh8 62. h5 g6 (62... f6 $142 63. Kd4 Rc8) 63. fxg6 fxg6 64. Bg4 gxh5 65. Bxd7 Kxd7 {[%emt 0:00:04][%mdl 4096] Endgame KRB-KRN} 66. Rb6 Bc8 (66... Ra8 $142 67. Kd4 Bc8) 67. Nb5 Ke7 68. h4 Bd7 69. Nxd6 c3 70. Kd3 Ra8 71. Kxc3 Rxa4 72. Nc4 Ra1 73. Rh6 Bb5 74. Nd6 Be2 75. Nf5+ Kf7 76. e5 {[%emt 0:00:32] White mates.} Bg4 77. e6+ Kg8 78. e7 Ra8 79. Rf6 Bd1 80. d6 Ba4 81. Nd4 Kg7 82. Rf8 Ra6 83. e8=Q Bxe8 84. Rxe8 {[%emt 0:00:05] Weighted Error Value: White=0.22 (precise) /Black=0.30} 1-0